 Dungeon Crawl Stone Soup version 0.31-a0-166-g46f44d267d (webtiles) character file.

Game seed: 14604856494934975252

6335 qw the Blocker (level 10, -7/63 HPs)
             Began as a Gargoyle Fighter on June 13, 2023.
             Was an Initiate of Okawaru.
             Mangled by a sun demon (9 damage)
             ... summoned by a kobold demonologist
             ... on level 10 of the Dungeon.
             The game lasted 00:05:02 (8724 turns).

qw the Blocker (Gargoyle Fighter)                   Turns: 8724, Time: 00:05:03

Health: -7/63      AC: 20    Str: 24    XL:     10   Next: 96%
Magic:  10/10      EV:  7    Int:  9    God:    Okawaru [......]
Gold:   1909       SH: 22    Dex:  7    Spells: 9/9 levels left

rFire   + . .        r - +0 broad axe
rCold   + . .        p - +2 tower shield
rNeg    + . .        e - +0 chain mail
rPois   inf          (no helmet)
rElec   +            l - +0 cloak
rCorr   .            (no gloves)
SInv    .            m - +1 pair of boots
Will    .....        v - amulet of reflection Stlth
                     k - ring of protection from cold
HPRegen 0.30/turn    c - ring of protection from fire
MPRegen 0.12/turn

%: reflection
@: about to teleport
A: sickness immunity, AC +7, negative energy resistance 1, electricity
resistance, torment resistance 1, petrification resistance, clumsy 1, mutation
resistance 1
a: Renounce Religion


You were on level 10 of the Dungeon.
You worshipped Okawaru.
Okawaru was noncommittal.
You visited 2 branches of the dungeon, and saw 11 of its levels.

You collected 1909 gold pieces.


Innate Abilities, Weirdness & Mutations

You are immune to sickness and miasma.
Your stone body is resilient. (AC +7)
You are immune to poison.
You resist negative energy. (rN+)
You are resistant to electric shocks. (rElec)
You are resistant to unholy torment.
You are immune to petrification.
You are clumsy. (Dex -2)
You are somewhat resistant to further mutation.


   Skills:
 - Level 7.1 Fighting
 - Level 9.2 Axes
 - Level 1.1 Throwing
 + Level 4.6 Armour
 - Level 2.1 Dodging
 - Level 12.1 Shields


You had 9 spell levels left.
You didn't know any spells.
Your spell library was empty.

Inventory:

Hand Weapons
 i - a +0 morningstar
 r - a +0 broad axe (weapon)
 s - a +1 flail of holy wrath
Missiles
 a - 6 boomerangs (quivered)
Armour
 e - a +0 chain mail (worn)
 h - a +2 ring mail of fire resistance
 l - a +0 cloak (worn)
 m - a +1 pair of boots (worn)
 p - a +2 tower shield (worn)
Jewellery
 c - a ring of protection from fire (right hand)
 k - a ring of protection from cold (left hand)
 t - a +6 ring of dexterity
 u - a ring of protection from cold
 v - an amulet of reflection (around neck)
Scrolls
 f - 3 scrolls of teleportation
 j - 5 scrolls of identify
 w - a scroll of brand weapon {unknown}
Potions
 b - a potion of lignification
 d - 2 potions of might
 g - 2 potions of mutation
 n - 2 potions of attraction
 o - 2 potions of magic
 q - a potion of heal wounds

Dungeon Overview and Level Annotations

Branches:
Dungeon (10/15)            Temple (1/1) D:4
   Lair: D:8-11         Orc: D:9-12

Altars:
Ashenzari
Cheibriados
Dithmenos
Elyvilon
Fedhas
Gozag
Hepliaklqana
Kikubaaqudgha
Makhleb
Nemelex Xobeh
Okawaru
Qazlal
Ru
Sif Muna
Trog
Uskayaw
Vehumet
Wu Jian
Xom
Yredelemnul
Zin
The Shining One

Shops:
D:6 (

Annotations:
D:8 2 transporters, qw's ghost, novice NaHu


Message History

You closely miss the kobold demonologist.
The orc wizard casts a spell at you.
The magic dart hits you but does no damage.
The orc unwields a +0 trident.
The orc wields a +0 sling.
The orc shoots a sling bullet.
You block the sling bullet with an invisible shield... and reflect it back!
The sling bullet hits the orc.
You block the kobold demonologist's attack.
The sun demon hits you but does no damage.
The orc wizard gestures at you while chanting.
The magic dart hits you but does no damage.
You block the orc's attack.
The kobold demonologist hits you but does no damage.
You slash the orc wizard!
You kill the orc wizard!
Okawaru accepts your kill.
You closely miss the kobold demonologist.
You hit the orc. You hit the sun demon. You block the sun demon's attack. x2
You block the kobold demonologist's attack.
You hit the orc.
The orc is severely wounded.
You barely miss the sun demon. You slash the kobold demonologist!
The orc hits you but does no damage. You block the sun demon's attack.
You block the kobold demonologist's attack.
The sun demon hits you!
You are engulfed in flames.
You resist.
You slash the orc!
You kill the orc!
You closely miss the sun demon. You slash the kobold demonologist!
You block the kobold demonologist's attack.
The ufetubus barely misses you. You block the ufetubus's attack.
The sun demon hits you!!
You are engulfed in flames!
You resist.
8724 ||| READING 4 scrolls of teleportation.
As you read the scroll of teleportation, it crumbles to dust.
You feel strangely unstable.
The ufetubus hits you but does no damage.
The ufetubus hits you.
You block the kobold demonologist's attack.
The sun demon hits you.
You are engulfed in flames!
You resist.
You die...

#.5...### #..........
....53O3ยค...#
#..##'#####
.....4K.....#
#..#.......
.....5.5....#
#..'.......
...######...#
#..#....... .. ...#
#..######## . #...#
#####.........
#...######.............
#....o3@)............##
......K5#######......#
......5o# #......#
........# #......#
........# #....###
........+ #....#
........# ....#
.......>#


You could see a sun demon (summoned), a kobold demonologist, a white imp
(summoned), 2 orcs and an ufetubus (summoned).

Vanquished Creatures
  A two-headed ogre (D:8)
  Joseph (D:8)
  A troll (D:9)
  A hornet (D:9)
  Sigmund (D:6)
  A wyvern (D:9)
  2 steam dragons
  Grum (D:8)
  Menkaure (D:6)
  3 water moccasins
  3 sky beasts
  3 orc warriors
  A black bear (D:7)
  An ogre (D:5)
  2 wolves (D:8)
  2 centaurs
  A phantom (D:4)
  4 kobold brigands
  2 bullfrogs
  5 scorpions
  4 wights (D:7)
  6 killer bees (D:8)
  9 howler monkeys
  5 hounds
  2 jellies (D:5)
  5 orc priests
  3 sleepcaps
  7 iguanas
  11 orc wizards
  11 gnolls
  10 adders
  2 shadow imps
  2 white imps
  3 ufetubi (D:5)
  A worm (D:2)
  3 dart slugs
  37 orcs
  2 bats (D:1)
  5 endoplasms
  5 giant cockroaches
  10 goblins
  6 hobgoblins
  2 jackals (D:1)
  2 quokkas (D:3)
  3 ball pythons
  8 frilled lizards
  18 kobolds
  7 rats
226 creatures vanquished.

Vanquished Creatures (others)
  An orc wizard (D:7)
1 creature vanquished.

Grand Total: 227 creatures vanquished

Notes
Turn   | Place    | Note
-------+----------+-------------------------------------------
     0 | D:1      | qw the Gargoyle Fighter began the quest for the Orb.
     0 | D:1      | Reached XP level 1. HP: 14/14 MP: 1/1
     0 | D:1      | 0 ||| qw: Version: 0.2-a-29-gc1b59c4
     0 | D:1      | 0 ||| qw: Game counter: 4852
     0 | D:1      | 0 ||| qw: Always use a shield: true
     0 | D:1      | 0 ||| qw: God list: Okawaru
     0 | D:1      | 0 ||| qw: Allow faded altars: false
     0 | D:1      | 0 ||| qw: Do Orc after D:15 true
     0 | D:1      | 0 ||| qw: Do second Lair branch before Depths: true
     0 | D:1      | 0 ||| qw: Lair rune preference: random
     0 | D:1      | 0 ||| qw: Plans: Normal, Zot:1-4, Slime:5, God:TSO, Crypt,
                  | Tomb, Abyss, Pan, Hells, Win
     0 | D:1      | 0 ||| PLANNING D:1-11
   119 | D:1      | Reached XP level 2. HP: 19/19 MP: 2/2
   305 | D:1      | Reached skill level 3 in Axes
   430 | D:1      | Reached XP level 3. HP: 19/23 MP: 3/3
   876 | D:1      | 876 ||| UPGRADING to +0 cloak.
   881 | D:1      | 881 ||| UPGRADING to +0 pair of boots.
   886 | D:1      | 886 ||| DROPPING amulet of magic regeneration.
   887 | D:1      | 887 ||| UPGRADING to ring of protection from cold.
   888 | D:1      | 888 ||| READING scroll labelled NYRRAC KEH.
   892 | D:1      | 892 ||| READING scroll labelled HEN TOKINNAYV.
   893 | D:1      | 893 ||| READING scroll labelled ROMOJI EFRUKHO.
   894 | D:1      | 894 ||| READING scroll labelled TYR AMICAD.
  1021 | D:2      | 1021 ||| Stepping ~*~*~tactically~*~*~ (stealth).
  1149 | D:2      | Reached XP level 4. HP: 28/28 MP: 4/4
  1653 | D:2      | 1653 ||| UPGRADING to +2 ring mail of fire resistance.
  1663 | D:2      | 1663 ||| DROPPING +0 scale mail.
  1664 | D:2      | 1664 ||| READING scroll labelled MUNIFIFUXO.
  1665 | D:2      | 1665 ||| READING 2 scrolls labelled AFEODO ARAOPS.
  1666 | D:2      | 1666 ||| READING scroll labelled GIMITW LEOREHU.
  1841 | D:3      | 1841 ||| Stepping ~*~*~tactically~*~*~ (hiding).
  1856 | D:3      | Reached XP level 5. HP: 13/32 MP: 5/5
  1954 | D:3      | 1954 ||| DROPPING +0 whip.
  2097 | D:3      | Reached skill level 1 in Dodging
  2098 | D:3      | Reached XP level 6. HP: 31/37 MP: 6/6
  2145 | D:3      | 2145 ||| DROPPING +0 mace.
  2152 | D:3      | Identified the +3 leather armour of the Endless Bounties
                  | {rF+}
  2327 | D:3      | 2327 ||| DROPPING +3 leather armour of the Endless Bounties
                  | {rF+}.
  2328 | D:3      | 2328 ||| UPGRADING to +6 ring of dexterity.
  2329 | D:3      | 2329 ||| READING scroll labelled NUFOWOXAPI.
  2330 | D:3      | 2330 ||| READING 2 scrolls of identify.
  2330 | D:3      | 2330 ||| IDENTIFYING metallic coppery potion
  2347 | D:4      | 2347 ||| Stepping ~*~*~tactically~*~*~ (stealth).
  2422 | D:4      | Found a staircase to the Ecumenical Temple.
  2423 | D:4      | 2423 ||| PLANNING TEMPLE
  2429 | Temple   | Entered the Ecumenical Temple
  2498 | Temple   | 2498 ||| PLANNING D:1-11
  2932 | D:4      | Reached skill level 6 in Axes
  2939 | D:4      | 2939 ||| DROPPING +0 flail.
  3041 | D:4      | Reached XP level 7. HP: 42/43 MP: 7/7
  3264 | D:4      | 3264 ||| UPGRADING to +2 tower shield.
  3274 | D:4      | 3274 ||| DROPPING +0 buckler.
  3275 | D:4      | 3275 ||| READING scroll labelled SIR CYASMY.
  3276 | D:4      | 3276 ||| READING scroll labelled FAAL ACSIE.
  3308 | D:4      | 3308 ||| DRINKING 2 emerald potions.
  3308 | D:4      | Gained mutation: You are clumsy. (Dex -2) [potion of
                  | mutation]
  3308 | D:4      | Gained mutation: You are somewhat resistant to further
                  | mutation. [potion of mutation]
  3330 | D:5      | Entered Level 5 of the Dungeon
  3475 | D:5      | Reached skill level 4 in Shields
  3498 | D:5      | 3498 ||| Stepping ~*~*~tactically~*~*~ (hiding).
  3574 | D:5      | 3574 ||| Stepping ~*~*~tactically~*~*~ (stealth).
  3583 | D:5      | Reached skill level 5 in Shields
  3623 | D:5      | 3623 ||| FLEEEEING.
  3625 | D:5      | 3625 ||| Stepping ~*~*~tactically~*~*~ (hiding).
  3638 | D:5      | Reached skill level 6 in Shields
  3638 | D:5      | Reached XP level 8. HP: 21/48 MP: 8/8
  3988 | D:5      | You fall into a shaft and drop 1 floor!
  3991 | D:6      | Noticed Sigmund
  3992 | D:6      | 3992 ||| Stepping ~*~*~tactically~*~*~ (hiding).
  4000 | D:6      | Killed Sigmund
  4001 | D:6      | Reached skill level 7 in Shields
  4123 | D:6      | 4123 ||| READING scroll labelled PODIOR ZULIYLATIE.
  4124 | D:6      | 4124 ||| DRINKING 2 fuming blue potions.
  4125 | D:6      | 4125 ||| READING 2 scrolls of identify.
  4125 | D:6      | 4125 ||| IDENTIFYING viscous brown potion
  4129 | D:6      | 4129 ||| FLEEEEING.
  4130 | D:6      | 4130 ||| FLEEEEING.
  4131 | D:6      | 4131 ||| FLEEEEING.
  4132 | D:6      | 4132 ||| FLEEEEING.
  4133 | D:6      | 4133 ||| STAIRDANCE
  4329 | D:6      | Found Samukk's Weapon Emporium.
  4361 | D:6      | Reached skill level 8 in Shields
  4412 | D:6      | 4412 ||| Stepping ~*~*~tactically~*~*~ (stealth).
  4417 | D:6      | 4417 ||| Stepping ~*~*~tactically~*~*~ (hiding).
  4419 | D:6      | 4419 ||| Stepping ~*~*~tactically~*~*~ (hiding).
  4420 | D:6      | 4420 ||| Stepping ~*~*~tactically~*~*~ (hiding).
  4422 | D:6      | 4422 ||| Stepping ~*~*~tactically~*~*~ (hiding).
  4423 | D:6      | 4423 ||| Stepping ~*~*~tactically~*~*~ (hiding).
  4424 | D:6      | 4424 ||| Stepping ~*~*~tactically~*~*~ (hiding).
  4563 | D:6      | Reached skill level 9 in Shields
  4681 | D:6      | 4681 ||| Stepping ~*~*~tactically~*~*~ (stealth).
  4685 | D:6      | 4685 ||| Stepping ~*~*~tactically~*~*~ (stealth).
  4702 | D:6      | Reached XP level 9. HP: 52/52 MP: 9/9
  4713 | D:6      | Reached skill level 10 in Shields
  4795 | D:6      | 4795 ||| Stepping ~*~*~tactically~*~*~ (hiding).
  4798 | D:6      | 4798 ||| Stepping ~*~*~tactically~*~*~ (hiding).
  4805 | D:6      | 4805 ||| DRINKING potion of curing.
  4805 | D:6      | 4805 ||| (to cure confusion)
  4809 | D:6      | Noticed Menkaure
  4821 | D:6      | Killed Menkaure
  4996 | D:6      | 4996 ||| UPGRADING to amulet of reflection.
  5001 | D:6      | 5001 ||| READING scroll labelled WEATUR WAMMA.
  5001 | D:6      | Identified a scroll of acquirement
  5001 | D:6      | 5001 ||| ACQUIRING 1309 gold pieces
  5001 | D:6      | Acquired 1309 gold pieces
  5003 | D:6      | 5003 ||| DRINKING 2 brown potions.
  5004 | D:6      | 5004 ||| READING 2 scrolls of identify.
  5004 | D:6      | 5004 ||| IDENTIFYING puce potion
  5005 | D:6      | 5005 ||| DROPPING potion of ambrosia.
  5006 | D:6      | 5006 ||| DROPPING potion of brilliance.
  5064 | D:7      | 5064 ||| Stepping ~*~*~tactically~*~*~ (hiding).
  5094 | D:7      | 5094 ||| Stepping ~*~*~tactically~*~*~ (stealth).
  5097 | D:7      | 5097 ||| Stepping ~*~*~tactically~*~*~ (stealth).
  5133 | D:7      | 5133 ||| Stepping ~*~*~tactically~*~*~ (stealth).
  5138 | D:7      | 5138 ||| Stepping ~*~*~tactically~*~*~ (stealth).
  5149 | D:7      | 5149 ||| Stepping ~*~*~tactically~*~*~ (hiding).
  5305 | D:7      | Found a shimmering blue altar of Sif Muna.
  5330 | D:7      | Found an ancient bone altar of Kikubaaqudgha.
  5337 | D:7      | Reached skill level 1 in Throwing
  5340 | D:7      | Found a radiant altar of Vehumet.
  5480 | D:7      | Found a flagged portal.
  5925 | D:7      | 5925 ||| READING scroll labelled PIC XEOTTYWKIS.
  5926 | D:7      | 5926 ||| DRINKING 2 metallic brown potions.
  5927 | D:7      | 5927 ||| READING 3 scrolls of identify.
  5927 | D:7      | 5927 ||| IDENTIFYING ruby potion
  5928 | D:7      | 5928 ||| DROPPING potion of degeneration.
  6173 | D:8      | Noticed a two-headed ogre
  6186 | D:8      | Killed a two-headed ogre
  6187 | D:8      | Reached XP level 10. HP: 22/59 MP: 10/10
  6192 | D:8      | Reached skill level 11 in Shields
  6195 | D:8      | Found a transporter.
  6324 | D:8      | Noticed Grum
  6342 | D:8      | Killed Grum
  6343 | D:8      | Reached skill level 6 in Fighting
  6352 | D:8      | Found a transporter.
  6393 | D:8      | Noticed Joseph
  6416 | D:8      | Killed Joseph
  6417 | D:8      | Reached skill level 9 in Axes
  6563 | D:8      | 6563 ||| Stepping ~*~*~tactically~*~*~ (stealth).
  6572 | D:8      | 6572 ||| Stepping ~*~*~tactically~*~*~ (hiding).
  6719 | D:8      | 6719 ||| Stepping ~*~*~tactically~*~*~ (stealth).
  6800 | D:8      | 6800 ||| Stepping ~*~*~tactically~*~*~ (hiding).
  6801 | D:8      | 6801 ||| Stepping ~*~*~tactically~*~*~ (hiding).
  6957 | D:8      | 6957 ||| FLEEEEING.
  6960 | D:8      | 6960 ||| FLEEEEING.
  6961 | D:8      | 6961 ||| FLEEEEING.
  6962 | D:8      | 6962 ||| FLEEEEING.
  6964 | D:8      | 6964 ||| FLEEEEING.
  6965 | D:8      | 6965 ||| FLEEEEING.
  6967 | D:8      | 6967 ||| FLEEEEING.
  6970 | D:8      | 6970 ||| STAIRDANCE
  7002 | D:7      | 7002 ||| UPGRADING to +0 chain mail.
  7012 | D:7      | 7012 ||| UPGRADING to ring of protection from fire.
  7014 | D:7      | 7014 ||| READING 5 scrolls of identify.
  7014 | D:7      | 7014 ||| IDENTIFYING orange potion
  7018 | D:8      | 7018 ||| Stepping ~*~*~tactically~*~*~ (hiding).
  7048 | D:8      | Noticed qw's ghost (novice NaHu)
  7631 | D:9      | 7631 ||| Stepping ~*~*~tactically~*~*~ (hiding).
  7645 | D:9      | 7645 ||| DROPPING +3 flail.
  7646 | D:9      | 7646 ||| Stepping ~*~*~tactically~*~*~ (stealth).
  7647 | D:9      | 7647 ||| Stepping ~*~*~tactically~*~*~ (stealth).
  7648 | D:9      | 7648 ||| Stepping ~*~*~tactically~*~*~ (stealth).
  7651 | D:9      | 7651 ||| Stepping ~*~*~tactically~*~*~ (stealth).
  7652 | D:9      | 7652 ||| Stepping ~*~*~tactically~*~*~ (stealth).
  7654 | D:9      | 7654 ||| Stepping ~*~*~tactically~*~*~ (stealth).
  7834 | D:9      | Reached skill level 12 in Shields
  8321 | D:9      | 8321 ||| READING scroll labelled XEOFA HUDASKOR.
  8338 | D:10     | Entered Level 10 of the Dungeon
  8342 | D:10     | Found a hide-covered altar of Uskayaw.
  8343 | D:10     | Found a white marble altar of Elyvilon.
  8345 | D:10     | Found a shimmering altar of Xom.
  8347 | D:10     | Found an iron altar of Okawaru.
  8347 | D:10     | Found a glowing golden altar of the Shining One.
  8348 | D:10     | 8348 ||| PLANNING OKAWARU WORSHIP
  8363 | D:10     | Became a worshipper of Warmaster Okawaru
  8363 | D:10     | 8363 ||| PLANNING D:1-11
  8384 | D:10     | 8384 ||| SWAPPING to +0 broad axe.
  8385 | D:10     | 8385 ||| DROPPING +0 war axe.
  8448 | D:10     | 8448 ||| Stepping ~*~*~tactically~*~*~ (hiding).
  8472 | D:10     | 8472 ||| READING scroll of enchant armour.
  8472 | D:10     | 8472 ||| ENCHANTING +0 pair of boots.
  8486 | D:10     | Noticed a kobold demonologist
  8486 | D:10     | Noticed a two-headed ogre
  8490 | D:10     | Noticed a smoke demon
  8492 | D:10     | Noticed a smoke demon
  8492 | D:10     | HP: 8/63 [two-headed ogre/+0 giant spiked club (13)]
  8493 | D:10     | 8493 ||| READING 5 scrolls of teleportation.
  8494 | D:10     | 8494 ||| DRINKING 2 potions of heal wounds.
  8709 | D:10     | 8709 ||| Stepping ~*~*~tactically~*~*~ (hiding).
  8714 | D:10     | Noticed a sun demon
  8723 | D:10     | HP: 13/63 [sun demon[a kobold demonologist] (19)]
  8723 | D:10     | HP: 6/63 [sun demon[a kobold demonologist] (7)]
  8724 | D:10     | 8724 ||| READING 4 scrolls of teleportation.
  8724 | D:10     | HP: 2/63 [sun demon[a kobold demonologist] (1)]
  8724 | D:10     | Mangled by a sun demon

Levels and vault maps discovered:
D:1:      dpeg_arrival_prison, layout_basic, grunt_decor_clamped,
          chequers_serial_rivers_micro_e
D:2:      layout_loops_ring, minmay_split_cup_large
D:3:      layout_basic, cheibrodos_gnoll_hut
D:4:      layout_basic, minmay_temple_entry_overgrown, minmay_strange_pillars
D:5:      layout_loops_ring, serial_rivers, chequers_serial_rivers_micro_d,
          chequers_serial_rivers_marsh, chequers_serial_rivers_large_a,
          chequers_serial_rivers_small_b, chequers_serial_rivers_room_b
D:6:      layout_cave_pools, serial_shops, nicolae_shop_bloodbath_and_beyond,
          uniq_sigmund, uniq_menkaure
D:7:      layout_basic, palyth_temple_overflow_mages, enter_bailey_3,
          minmay_fractal_squares_5
D:8:      layout_basic, special_room [special_room_orc], gammafunk_ghost_hive,
          eino_jars, uniq_grum, uniq_joseph
D:9:      layout_irregular_city
D:10:     layout_irregular_city, grunt_temple_overflow_open
Temple:   jpeg_temple_clearing

Skill      XL: |  1  2  3  4  5  6  7  8  9 10 |
---------------+-------------------------------+-----
Axes           | 2 3 4 5 6 8 9 |  9.2
Dodging        | 1 2 |  2.1
Fighting       | 4 5 7 |  7.1
Shields        | 6 9 10 12 | 12.1
Throwing       | 1 |  1.1
Armour         | 4 |  4.6

Action                     |  1- 3 |  4- 6 |  7- 9 | 10-12 || total
---------------------------+-------+-------+-------+-------++-------
  Melee: War axe           |    91 |   182 |   363 |   193 ||   829
         Broad axe         |       |       |       |    37 ||    37
  Throw: Boomerang         |       |       |    43 |    24 ||    67
    Use: Scroll            |     4 |     5 |     8 |     5 ||    22
         Potion            |       |       |     5 |     1 ||     6
 Armour: Scale mail        |    44 |    16 |       |       ||    60
         Ring mail         |       |    79 |   159 |    42 ||   280
         Chain mail        |       |       |       |    49 ||    49
  Dodge: Dodged            |    38 |    77 |    79 |    46 ||   240
  Block: Buckler           |    15 |    42 |       |       ||    57
         Tower shield      |       |       |   361 |   276 ||   637
         Reflection        |       |       |     3 |     9 ||    12

Table legend:
 A = Non-vault XP
 B = Vault XP
 C = Vault XP percentage of total XP
 D = Non-vault monster count
 E = Vault monster count
 F = Vault count percentage of total count
                 A         B        C        D         E       F
            +---------+---------+-------+---------+---------+-------
      Total |    6327 |    2724 |  30.1 |     163 |      64 |  28.2
            +---------+---------+-------+---------+---------+-------
        D:1 |      38 |       7 |  15.6 |      21 |       4 |  16.0
        D:2 |      63 |      17 |  21.2 |      16 |       4 |  20.0
        D:3 |     148 |      99 |  40.1 |      23 |       3 |  11.5
        D:4 |     334 |       0 |   0.0 |      13 |       0 |   0.0
        D:5 |     580 |       0 |   0.0 |      19 |       0 |   0.0
        D:6 |    1136 |     412 |  26.6 |      18 |       2 |  10.0
        D:7 |     665 |     578 |  46.5 |      11 |      16 |  59.3
        D:8 |    1662 |    1611 |  49.2 |      17 |      35 |  67.3
        D:9 |    1170 |       0 |   0.0 |      15 |       0 |   0.0
       D:10 |     531 |       0 |   0.0 |      10 |       0 |   0.0
            +---------+---------+-------+---------+---------+-------
